 Dungeon Sprint DCSS version 0.21.2 (webtiles) character file.

6409 Fang the Severer (level 10, -4/75 HPs)
             Began as a Gargoyle Berserker on Jan 23, 2019.
             Was a High Priest of Trog.
             Slain by a deep troll (5 damage)
             ... summoned by the player character
             ... in the Dungeon (Sprint VII: "The Pits").
             The game lasted 00:04:50 (1373 turns).

Fang the Severer (Gargoyle Berserker)               Turns: 1373, Time: 00:04:51

Health: -4/75      AC: 30    Str: 24    XL:     10   Next: 98%
Magic:  10/10      EV:  9    Int: 11    God:    Trog [*****.]
Gold:   0          SH:  0    Dex:  9    Spells: 9/9 levels left

rFire    . . .     SeeInvis .   o - +2 war axe (chop)
rCold    + . .     Gourm    .   (no shield)
rNeg     + . .     Faith    .   t - +3 plate armour {rC+}
rPois    ∞         Spirit   .   b - +0 helmet
rElec    +         Reflect  .   (no cloak)
rCorr    .         Harm     .   (no gloves)
MR       .....     NoTele   +   (no boots)
Stlth    ..........             (no amulet)
HPRegen  0.22/turn              p - +3 ring of protection
MPRegen  0.12/turn              s - +3 ring of intelligence

@: confused
A: negative energy resistance 1, electricity resistance, unbreathing,
petrification resistance, rot immunity, AC +7
a: Berserk, Trog's Hand, Brothers in Arms, Burn Spellbooks, Renounce Religion


You were in the Dungeon.
You worshipped Trog.
Trog was extremely pleased with you.
You were very hungry.

You visited 1 branch

Inventory:

Hand Weapons
 o - a +2 war axe of chopping (weapon)
Armour
 b - a +0 helmet (worn)
 t - a +3 plate armour of cold resistance (worn)
Jewellery
 p - a +3 ring of protection (left hand)
 s - a +3 ring of intelligence (right hand)
Scrolls
 i - a scroll of blinking
 k - 3 scrolls of remove curse
 l - a scroll of summoning
Potions
 a - 2 potions of invisibility
 d - 7 potions of curing
 e - 7 potions of heal wounds
 f - a potion of haste
 g - 4 potions of magic
 h - 3 potions of berserk rage
 q - 3 potions of agility
 r - 4 potions of brilliance
Comestibles
 c - 9 rations
 j - 13 chunks of flesh


   Skills:
 + Level 14.1 Fighting
 + Level 16.0 Axes
 + Level 12.5 Armour
 + Level 5.0 Dodging
 + Level 2.9 Stealth


You had 9 spell levels left.
You didn't know any spells.

Dungeon Overview and Level Annotations

Branches:
Dungeon (1/1)

Altars:


Innate Abilities, Weirdness & Mutations

You are resistant to torment.
Your stone body is resilient. (AC +7)
You are immune to poison.
You resist negative energy. (rN+)
You are resistant to electric shocks. (rElec)
You can survive without breathing.
You are immune to petrification.
You are immune to rotting.


Message History

The rakshasa hits you but does no damage.
You closely miss the rakshasa.
The rakshasa is heavily wounded.
You barely miss the tarantella. You closely miss the deep troll.
The deep troll seems less confused.
The tarantella barely misses you.
The deep troll bites you but does no damage.
The deep troll claws you but does no damage.
The deep troll closely misses you.
The rakshasa weaves an illusion.
The cyclops shimmers and seems to become two!
You bump into the metal wall.
The tarantella bites you but does no damage.
The deep troll bites you. The deep troll claws you! x2
* * * LOW HITPOINT WARNING * * *
The tarantella barely misses you.
The rakshasa blinks!
Unknown command.
The deep troll bites you!
* * * LOW HITPOINT WARNING * * *
The deep troll claws you.
You die...

.....##..##..##)##..##...#
.....##..#..##...##..'...#
.....##.)#..#.R...#..#...#
#######..'..'÷....C..(...+
#######..#..#.....#.[#...#
#..[.##..#..##.C.##..T...#
#..[[##..##..##o##..##.C.#
'..).##...##.+.C4+.##
....# #..))##.[..###.s@##
.#...# #..))##......#4T.+
###...# ##################
####


You could see a rakshasa, a deep troll (berserk), 2 cyclopes, 2 hellwings, a
tarantella and an orc.

Vanquished Creatures
  An anaconda (D)
  A sea snake (D)
  A swamp dragon (D)
  A deep elf mage (D)
  Psyche (D)
  An orange demon (D)
  An efreet (D)
  A freezing wraith (D)
  A red devil (D)
  7 dream sheep (D)
  4 vampire mosquitoes (D)
  A warg (D)
  An orc warrior (D)
  2 water moccasins (D)
  An eye of draining (D)
  5 wights (D)
  Ijyb (D)
  2 worker ants (D)
  A mummy (D)
  A gnoll (D)
  2 white imps (D)
  2 oozes (D)
  An orc (D)
  A ball python (D)
  2 bat zombies (D)
  2 goblins (D)
  2 jackals (D)
  3 quokkas (D)
  A frilled lizard (D)
  A jackal skeleton (D)
  A rat (D)
53 creatures vanquished.

Vanquished Creatures (collateral kills)
  An ugly thing (D)
  A tarantella (D)
  A steam dragon (D)
3 creatures vanquished.

Grand Total: 56 creatures vanquished

Notes
Turn   | Place    | Note
-------+----------+-------------------------------------------
     0 | D        | Fang the Gargoyle Berserker began the quest for the Orb.
     0 | D        | Reached XP level 1. HP: 14/14 MP: 1/1
    19 | D        | Reached skill level 3 in Axes
    64 | D        | Reached ** piety under Trog
    69 | D        | Noticed a worker ant
    73 | D        | Reached XP level 2. HP: 19/20 MP: 2/2
    80 | D        | Reached skill level 5 in Fighting
    80 | D        | Reached skill level 4 in Axes
    80 | D        | Reached XP level 3. HP: 25/26 MP: 3/3
    84 | D        | Noticed a water moccasin
    87 | D        | Reached *** piety under Trog
    90 | D        | Reached skill level 5 in Axes
   101 | D        | Killed a water moccasin
   101 | D        | Reached skill level 6 in Axes
   101 | D        | Reached XP level 4. HP: 34/34 MP: 4/4
   101 | D        | Reached XP level 5. HP: 38/38 MP: 5/5
   220 | D        | Noticed a warg
   227 | D        | Killed a warg
   227 | D        | Reached **** piety under Trog
   227 | D        | Reached skill level 8 in Axes
   227 | D        | Reached XP level 6. HP: 45/45 MP: 6/6
   240 | D        | Received a gift from Trog
   240 | D        | Reached skill level 5 in Armour
   243 | D        | Reached skill level 9 in Axes
   244 | D        | Reached ***** piety under Trog
   258 | D        | Reached XP level 7. HP: 36/52 MP: 7/7
   268 | D        | Received a gift from Trog
   346 | D        | Noticed Ijyb
   359 | D        | Killed Ijyb
   373 | D        | Noticed a deep elf mage
   388 | D        | Noticed a fire elemental
   388 | D        | Noticed a fire elemental
   395 | D        | Reached skill level 10 in Fighting
   395 | D        | Reached skill level 10 in Axes
   397 | D        | Noticed a fire elemental
   398 | D        | Killed a deep elf mage
   398 | D        | Received a gift from Trog
   398 | D        | Reached skill level 11 in Axes
   398 | D        | Reached XP level 8. HP: 48/59 MP: 8/8
   459 | D        | Noticed a red devil
   477 | D        | Killed a red devil
   477 | D        | Received a gift from Trog
   477 | D        | Reached skill level 12 in Axes
   477 | D        | Reached skill level 1 in Stealth
   573 | D        | Found the +4 Vampire's Tooth {vamp}
   698 | D        | Noticed an efreet
   707 | D        | Killed an efreet
   707 | D        | Received a gift from Trog
   707 | D        | Reached skill level 5 in Dodging
   767 | D        | Noticed a swamp dragon
   777 | D        | Reached XP level 9. HP: 59/64 MP: 0/9
   781 | D        | Killed a swamp dragon
   781 | D        | Reached ****** piety under Trog
   781 | D        | Reached skill level 13 in Axes
   857 | D        | Noticed a freezing wraith
   857 | D        | Noticed an anaconda
   867 | D        | Killed an anaconda
   867 | D        | Received a gift from Trog
   867 | D        | Reached skill level 14 in Axes
   873 | D        | Killed a freezing wraith
   873 | D        | Reached skill level 10 in Armour
  1097 | D        | Noticed Psyche
  1117 | D        | Killed Psyche
  1117 | D        | Reached XP level 10. HP: 68/72 MP: 10/10
  1134 | D        | Received a gift from Trog
  1139 | D        | Reached skill level 15 in Axes
  1204 | D        | Noticed a sea snake
  1206 | D        | Noticed an orange demon
  1233 | D        | Killed a sea snake
  1236 | D        | Received a gift from Trog
  1249 | D        | Killed an orange demon
  1335 | D        | Noticed a cyclops
  1336 | D        | Noticed a rakshasa
  1336 | D        | Noticed a red ugly thing
  1347 | D        | Killed a red ugly thing
  1347 | D        | Reached skill level 16 in Axes
  1358 | D        | Received a gift from Trog
  1373 | D        | HP: 1/75 [deep troll[the player character] (15)]
  1373 | D        | Slain by a deep troll

Skill      XL: |  1  2  3  4  5  6  7  8  9 10 |
---------------+-------------------------------+-----
Fighting       | 4 5 7 8 9 10 11 12 14 | 14.1
Axes           | 3 4 6 8 9 11 12 14 16 | 16.0
Armour         | 3 4 5 6 7 10 12 | 12.5
Dodging        | 2 3 4 5 |  5.0
Stealth        | 1 2 |  2.9

Action                   |  1- 3 |  4- 6 |  7- 9 | 10-12 || total
-------------------------+-------+-------+-------+-------++-------
Melee: Hand axe          |    36 |    29 |    72 |       ||   137
       War axe           |       |       |    52 |    72 ||   124
Invok: Berserk           |     1 |     1 |     2 |     1 ||     5
       Brothers in Arms  |       |       |       |     2 ||     2
  Use: Potion            |       |       |       |     1 ||     1
 Stab: Invisible         |       |       |       |     1 ||     1
  Eat: Chunk             |       |       |     4 |     2 ||     6
Armor: Animal skin       |    13 |       |       |       ||    13
       Plate armour      |       |    21 |    95 |    68 ||   184
Dodge: Dodged            |    25 |    18 |    33 |    50 ||   126
